 Dungeon Crawl Stone Soup version 0.26-a0-1222-g14533b3512 (webtiles) character file.

Game seed: 12284098677518529535

1887 Dazliare the Cleaver (level 8, -3/50 HPs)
             Began as a Demonspawn Gladiator on Jan 1, 2021.
             Was a Believer of Hepliaklqana.
             Shot with a bolt by an orc warrior (13 damage)
             ... in a bailey.
             The game lasted 00:15:13 (7910 turns).

Dazliare the Cleaver (Demonspawn Gladiator)         Turns: 7910, Time: 00:15:14

Health: -3/50      AC: 10    Str: 16    XL:     8   Next: 92%
Magic:  8/8        EV: 10    Int: 10    God:    Hepliaklqana [**....]
Gold:   421        SH:  7    Dex: 15    Spells: 7/7 levels left

rFire    . . .     SeeInvis .   A - +0 broad axe
rCold    . . .     Faith    +   l - +0 kite shield
rNeg     . . .     Spirit   .   f - +0 ring mail
rPois    .         Reflect  .   (helmet restricted)
rElec    .         Harm     .   G - +0 cloak (curse)
rCorr    .         Rampage  .   (no gloves)
Will     .....                  (no boots)
Stlth    ++........             t - amulet of faith
HPRegen  1.16/turn              i - ring of stealth
MPRegen  0.11/turn              s - +4 ring of protection

@: no status effects
A: reduced essence, horns 1, powered by death 1, powered by pain 1, sturdy frame
2
a: Renounce Religion, Recall Ancestor, Ancestor Identity


You were in a bailey.
You worshipped Hepliaklqana.
Hepliaklqana was pleased with you.
You visited 1 branch of the dungeon, and saw 7 of its levels.
You also visited: Sewer and Bailey.

You collected 421 gold pieces.

Inventory:

Hand Weapons
 a - a +0 quarterstaff
 u - a +1 dagger of freezing
 A - a +0 broad axe (weapon)
Missiles
 b - 177 stones (quivered)
 d - 2 throwing nets {!f}
Armour
 f - a +0 ring mail (worn)
 l - a +0 kite shield (worn)
 G - a cursed +0 cloak (worn)
Jewellery
 i - a ring of stealth (left hand)
 s - a +4 ring of protection (right hand)
 t - an amulet of faith (around neck)
 L - a cursed ring of attention {unknown}
Wands
 p - a wand of acid (3)
 v - a wand of enslavement (1)
 x - a wand of digging (7)
 B - a wand of disintegration (3)
 F - a wand of flame (13)
 K - a wand of polymorph (12)
Scrolls
 c - a scroll of magic mapping
 h - a scroll of enchant armour {unknown}
 m - 2 scrolls of remove curse {@r2}
 n - a scroll of amnesia {unknown}
 w - 6 scrolls of identify {unknown}
 y - a scroll of blinking {unknown}
 z - 2 scrolls of immolation {unknown}
 E - 3 scrolls of enchant weapon {unknown}
Potions
 e - a potion of invisibility {unknown}
 g - a potion of berserk rage {unknown}
 j - 3 potions of flight {unknown}
 k - 5 potions of curing {unknown}
 o - 3 potions of might {unknown}
 q - 2 potions of haste {unknown}
 r - 3 potions of mutation {unknown}
 C - 2 potions of cancellation {unknown}
 D - a potion of magic {unknown}
 H - a potion of degeneration {unknown}
 I - a potion of attraction {unknown}
 J - a potion of lignification {unknown}


   Skills:
 - Level 2.3 Fighting
 - Level 4.7 Short Blades
 + Level 8.7 Axes
 - Level 4.0 Staves
 - Level 2.1 Throwing
 - Level 2.6 Dodging


You had 7 spell levels left.
You didn't know any spells.
Your spell library contained the following spells:

 Spells                   Type           Power        Failure   Level
 Corona                   Hex            0%           96%         1
 Magic Dart               Conj           0%           96%         1
 Blink                    Tloc           N/A          99%         2
 Call Imp                 Summ           0%           99%         2
 Ensorcelled Hibernation  Hex/Ice        0%           99%         2
 Slow                     Hex            0%           99%         2
 Confusing Touch          Hex            0%           100%        3
 Conjure Flame            Conj/Fire      0%           100%        3
 Dazzling Flash           Conj/Hex       0%           100%        3
 Mephitic Cloud           Conj/Pois/Air  0%           100%        3
 Tukima's Dance           Hex            0%           100%        3


Dungeon Overview and Level Annotations

Branches:
Dungeon (7/15)             Temple (0/1) D:7           Sewer (visited)
 Bailey (1/1)

Altars:
Dithmenos
Hepliaklqana
Trog
Uskayaw
Xom
Lugonu

Portals:
Abyss: D:6

Annotations:
D:3 exclusion: downstairs
D:4 exclusion: downstairs, Pikel


Innate Abilities, Weirdness & Mutations

You have a pair of small horns on your head.
You regenerate a little health from kills.
You sometimes gain a little power by taking damage.
Your movements are less encumbered by armour. (ER -4)
Your life essence is reduced to manifest your ancestor. (-10% HP)


Message History

The orc warrior shoots a bolt.
The bolt hits you!!
The orc warrior unwields a +0 arbalest.
The orc warrior hits you!
Lucia barely misses the orc warrior.
You hit the orc warrior.
The orc warrior is heavily wounded.
The orc warrior shoots a bolt.
The bolt hits you!
* * * LOW HITPOINT WARNING * * *
The orc warrior splashes around in the water.
Lucia closely misses the orc warrior.
You barely miss the orc warrior.
The orc warrior is heavily wounded.
The orc warrior completely misses you.
The orc warrior shoots a bolt.
You block the bolt.
Lucia points at the orc warrior and mumbles some strange words.
The stone arrow hits the orc warrior!
The orc warrior dies!
You hear a splash. x3
You see here a bolt.
The orc warrior shoots a bolt.
The bolt hits you!
You die...

#############################
.......((.(...(............(.
...........................(.
........(....(............(..
.......(....@................
...........(.................
.....(....(..................
≈≈≈≈≈≈≈≈≈≈≈)≈≈≈≈≈≈≈≈≈≈≈≈≈≈≈≈≈
≈≈#.#≈≈≈≈≈R≈≈≈≈≈≈≈≈≈≈≈≈≈#)#≈≈
##≈≈≈≈≈≈≈≈≈≈≈≈≈≈≈≈≈##.##≈
..≈≈o≈≈≈≈≈≈≈≈≈≈≈≈ o≈
.∩#≈≈≈≈≈≈≈≈≈≈≈≈≈≈ .
≈≈≈≈≈≈≈≈###≈≈≈


You could see the friendly Lucia the battlemage and an orc warrior.

Vanquished Creatures
  Grinder (D:4)
  Prince Ribbit (D:5)
  An ice beast (D:6)
  2 centaurs (D:5)
  An ogre (D:4)
  4 lemures (D:4)
  A scorpion (D:5)
  A howler monkey (D:4)
  2 hounds (D:5)
  4 orc wizards
  3 orc priests
  Crazy Yiuf (D:5)
  2 iguanas (D:4)
  5 adders
  A river rat (D:5)
  An ooze (D:1)
  An adder skeleton (D:6)
  6 worms
  A dart slug (D:1)
  4 leopard geckos
  17 orcs
  8 giant cockroaches
  10 goblins
  16 hobgoblins
  4 jackals
  11 kobolds
  4 quokkas
  7 bats
  4 frilled lizards
  A leopard gecko skeleton (D:4)
  7 rats
132 creatures vanquished.

Vanquished Creatures (collateral kills)
  An orc warrior (Bailey)
  An ice beast (D:5)
  A big kobold (Sewer)
  A scorpion (D:5)
  A centaur zombie (D:5)
  An orc priest (D:6)
  A hound (D:4)
  3 orc wizards
  3 worker ants
  Robin (D:4)
  A river rat (Sewer)
  An adder zombie (D:6)
  2 leopard geckos (D:5)
  10 orcs
  8 giant cockroaches
  A goblin (D:4)
  2 jackals
  A quokka (D:6)
  4 kobolds (Sewer)
44 creatures vanquished.

Vanquished Creatures (others)
  Edmund (D:4)
  2 battlemagi (Bailey)
  3 ancestors (D:4)
  A lurking horror (D:6)
  A plant (D:2)
8 creatures vanquished.

Grand Total: 184 creatures vanquished

Notes
Turn   | Place    | Note
-------+----------+-------------------------------------------
     0 | D:1      | Dazliare the Demonspawn Gladiator began the quest for the
                  | Orb.
     0 | D:1      | Reached XP level 1. HP: 16/16 MP: 1/1
   240 | D:1      | Gained mutation: Your movements are slightly less
                  | encumbered by armour. (ER -2) [demonic ancestry]
   240 | D:1      | Reached XP level 2. HP: 19/22 MP: 2/2
   631 | D:1      | Gained mutation: You regenerate a little health from kills.
                  | [demonic ancestry]
   631 | D:1      | Reached XP level 3. HP: 27/27 MP: 3/3
  1623 | D:2      | Reached skill level 1 in Short Blades
  1623 | D:2      | Gained mutation: You have a pair of small horns on your
                  | head. [demonic ancestry]
  1623 | D:2      | Reached XP level 4. HP: 32/33 MP: 4/4
  1664 | D:2      | Found a hazy altar of Hepliaklqana.
  2206 | D:2      | Became a worshipper of Hepliaklqana the Forgotten
  2382 | D:3      | Noticed a +0 hand axe
  2382 | D:3      | Noticed a +0 hand axe
  2385 | D:3      | Found a hide-covered altar of Uskayaw.
  2828 | D:3      | Found a shimmering altar of Xom.
  2829 | D:3      | Found a bloodstained altar of Trog.
  2890 | D:4      | Gained mutation: Your movements are less encumbered by
                  | armour. (ER -4) [demonic ancestry]
  2890 | D:4      | Reached XP level 5. HP: 28/34 MP: 5/5
  2894 | D:4      | Identified the +1 helmet of Valour {rPois}
  2894 | D:4      | Noticed Robin
  2907 | D:4      | Killed Robin
  3280 | D:4      | Gained mutation: You sometimes gain a little power by
                  | taking damage. [demonic ancestry]
  3280 | D:4      | Reached XP level 6. HP: 21/39 MP: 6/6
  3547 | D:4      | Reached * piety under Hepliaklqana
  3760 | D:4      | Reached skill level 1 in Axes
  3975 | D:4      | Noticed Grinder
  3989 | D:4      | Noticed Edmund
  3999 | D:4      | Reached skill level 2 in Axes
  4017 | D:4      | Your ally died
  4025 | D:4      | Paralysed by Grinder for 7 turns
  4032 | D:4      | Killed Grinder
  4033 | D:4      | Reached skill level 3 in Axes
  4033 | D:4      | Reached XP level 7. HP: 21/45 MP: 7/7
  4438 | D:4      | Noticed Pikel
  4676 | D:4      | Reached skill level 4 in Axes
  4703 | D:4      | HP: 2/45 [lemure[Pikel] (4)]
  5129 | D:5      | Entered Level 5 of the Dungeon
  5281 | D:5      | Noticed Prince Ribbit
  5295 | D:5      | Reached skill level 5 in Axes
  5326 | D:5      | Killed Prince Ribbit
  5327 | D:5      | Reached XP level 8. HP: 31/50 MP: 8/8
  5344 | D:5      | Reached skill level 6 in Axes
  5368 | D:5      | Found a glowing drain.
  5386 | Sewer    | Entered a sewer
  5479 | Sewer    | Found a white marble altar of Elyvilon.
  5728 | D:5      | Reached skill level 7 in Axes
  6011 | D:5      | Reached ** piety under Hepliaklqana
  6045 | D:5      | Found a runed translucent door.
  6046 | D:5      | Noticed Crazy Yiuf
  6541 | D:5      | Killed Crazy Yiuf
  6638 | D:6      | Remembered your ancestor Lucia as a battlemage
  6808 | D:6      | Reached skill level 8 in Axes
  6846 | D:6      | Found a shadowy altar of Dithmenos.
  7040 | D:6      | Found a one-way gate to the infinite horrors of the Abyss.
  7042 | D:6      | Found a corrupted altar of Lugonu.
  7572 | D:7      | Found a flagged portal.
  7585 | Bailey   | Entered a bailey
  7910 | Bailey   | Shot with a bolt by an orc warrior

Illustrated notes

Levels and vault maps discovered:
D:1:      dpeg_arrival_prison, layout_loops_ring
D:2:      kb_forest_paths, layout_basic, lemuel_doored_altar,
          hangedman_feature_mirror, serial_bayou_lagoon_a
D:3:      layout_loops_ring, dancing_weapons_uskayaw,
          gammafunk_temple_overflow_pools
D:4:      layout_loops_ring, uniq_robin, uniq_pikel, uniq_edmund, uniq_grinder
D:5:      layout_basic, gup_sewer_entry_spiral, minmay_diced_spiral,
          uniq_crazy_yiuf_cottage, uniq_prince_ribbit1
D:6:      layout_basic, grunt_dithmenos_smoke_and_mirrors,
          amcnicky_altar_lugonu_corruption
D:7:      layout_gridville, marbit_many_paths,
          minmay_temple_entry_drinking_statues, enter_bailey_2, kennysheep_boxes
Bailey:   bailey_polearm_2, bailey

Skill      XL: |  1  2  3  4  5  6  7  8 |
---------------+-------------------------+-----
Staves         | 3 4 |  4.0
Throwing       | 2 |  2.1
Short Blades   | 1 2 4 |  4.7
Axes           | 3 5 8 |  8.7
Fighting       | |  2.3
Dodging        | |  2.6

Action                   |  1- 3 |  4- 6 |  7- 9 || total
-------------------------+-------+-------+-------++-------
Melee: Quarterstaff      |    97 |       |       ||    97
       Rapier            |    22 |    92 |       ||   114
       Dagger            |       |   132 |   171 ||   303
       Headbutt          |       |    34 |    36 ||    70
       Broad axe         |       |       |    24 ||    24
Throw: Stone             |    14 |       |       ||    14
       Throwing net      |     1 |       |       ||     1
Invok: Recall Ancestor   |       |     1 |       ||     1
       Ancestor Life: Ba |       |       |     1 ||     1
Evoke: Wand              |       |     7 |     9 ||    16
  Use: Scroll            |       |       |     3 ||     3
 Stab: Sleeping          |     1 |     1 |     2 ||     4
       Distracted        |       |     1 |     1 ||     2
Armor: Ring mail         |    38 |    64 |    52 ||   154
Dodge: Dodged            |    67 |    81 |    67 ||   215
Block: Kite shield       |     1 |    78 |    52 ||   131

Table legend: (Time is in decaauts)
 A = Elapsed time spent in this place.
 B = Non-inter-level travel time spent in this place.
 C = Inter-level travel time spent in this place.
 D = Time resting spent in this place.
 E = Time spent auto-exploring this place.
 F = Levels seen in this place.
 G = Mean time per level.
                   A        B        C        D        E       F      G
               +--------+--------+--------+--------+--------+-----+--------+
         Total |   7968 |   7685 |    283 |   1924 |   3985 |   9 |  885.3 |
       Dungeon |   7487 |   7204 |    283 |   1671 |   3877 |   7 | 1069.6 |
         Sewer |    155 |    155 |      0 |      0 |    108 |   1 |  155.0 |
        Bailey |    325 |    325 |      0 |    253 |      0 |   1 |  325.0 |
               +--------+--------+--------+--------+--------+-----+--------+

Top non-repeatable levels by time:
     D:4: 2078 daAuts
     D:2: 1421 daAuts
     D:5: 1254 daAuts
     D:3: 934 daAuts
     D:6: 927 daAuts
     D:1: 844 daAuts
  Bailey: 325 daAuts
   Sewer: 155 daAuts
     D:7: 27 daAuts
